 Dungeon Crawl Stone Soup version 0.31.0-12-g77e489cdc1 (webtiles) character file.

Game seed: 10651832521412100449

593 spaghetti the Trooper (level 7, -2/61 (72) HPs)
             Began as a Naga Chaos Knight on Mar 2, 2024.
             Was a Plaything of Xom.
             Slain by Duvessa
             ... wielding a +0 short sword
              (7 damage)
             ... on level 4 of the Dungeon.
             The game lasted 00:04:10 (4207 turns).

spaghetti the Trooper (Naga Chaos Knight)           Turns: 4207, Time: 00:04:11

HP:   -2/61 (72)    AC:  6    Str: 26    XL:     7   Next: 39%
MP:   7/7           EV:  6    Int: 18    God:    Xom [......]
Gold: 140           SH:  5    Dex: 10    Spells: 2/6 levels left

rFire   . . .        c - +11 flail "Dragonbane" {heavy, rC+ Str+3}
rCold   + . .        (no shield)
rNeg    . . .        p - +0 chain mail of Fieqosch {Int+6 Stlth+}
rPois   +            (no helmet)
rElec   .            (no cloak)
rCorr   .            (no gloves)
SInv    +            (no barding)
Will    .....        f - amulet of reflection Stlth
                     h - +6 ring of strength
HPRegen 0.30/turn    j - ring of wizardry
MPRegen 0.10/turn

%: reflection, wizardry (x1)
@: mighty, heavily drained, very slow
A: AC +2, large, see invisible, deformed body, poison resistance, slowness 2,
spit poison 1, naga tail 1
a: Spit Poison, Renounce Religion


You were on level 4 of the Dungeon.
You worshipped Xom.
You were a very special plaything of Xom.
You visited 1 branch of the dungeon, and saw 4 of its levels.

You collected 140 gold pieces.

Inventory:

Hand Weapons
 a - a +0 spear of chaos
 c - the +11 flail "Dragonbane" (weapon) {heavy, rC+ Str+3}
   (You found it on level 4 of the Dungeon)

   Str+3:     It affects your strength (+3).
   rC+:       It protects you from cold.
Missiles
 l - a throwing net
Armour
 b - a +2 leather armour
 e - a +0 plate armour
 p - the +0 chain mail of Fieqosch (worn) {Int+6 Stlth+}
   (You found it on level 3 of the Dungeon)

   Int+6:     It affects your intelligence (+6).
   Stlth+:    It makes you more stealthy.
Jewellery
 f - an amulet of reflection (around neck)
 g - an amulet of reflection
 h - a +6 ring of strength (left hand)
 j - a ring of wizardry (right hand)
Scrolls
 i - 5 scrolls of identify {unknown}
 s - a scroll of immolation {unknown}
Potions
 d - 5 potions of curing {unknown}
 k - a potion of magic {unknown}
 m - a potion of attraction {unknown}
 n - a potion of haste {unknown}
 o - a potion of degeneration {unknown}


   Skills:
 - Level 7.4 Fighting
 + Level 1.4 Maces & Flails
 - Level 3.0 Polearms
 - Level 1.5 Armour
 - Level 0.7 Dodging
 - Level 1.9 Conjurations
 - Level 1.9 Earth Magic


You had 2 spell levels left.
You knew the following spells:

 Your Spells              Type           Power      Damage    Failure   Level
a - Brom's Barrelling Bo  Conj/Erth      6%         2d3       88%         4

Your spell library contained the following spells:

 Spells                   Type           Power      Damage    Failure   Level
 Sandblast                Erth           12%        2d6       22%         1
 Passwall                 Erth           6%         N/A       52%         3
 Stone Arrow              Conj/Erth      12%        3d7       52%         3
 Dazzling Flash           Conj/Hex       6%         N/A       65%         3
 Mephitic Cloud           Conj/Alch/Air  2%         N/A       69%         3
 Curse of Agony           Necr           0%         N/A       100%        5
 Silence                  Hex/Air        0%         N/A       100%        5


Dungeon Overview and Level Annotations

Branches:
Dungeon (4/15)
 Temple: D:4-7

Altars:
Okawaru
Qazlal
Sif Muna

Shops:
D:2 (   D:4 *

Annotations:
D:4 Duvessa


Innate Abilities, Weirdness & Mutations

Your serpentine skin is tough. (AC +2)
You have supernaturally acute eyesight. (SInv)
Armour fits poorly on your strangely shaped body.
Your system is resistant to poisons. (rPois)
You cover ground very slowly.
You can spit poison.
You have a snake-like lower body.


Message History

Things that are here:
a +0 short sword; 7 poisoned darts A kobold comes into view.
It is wielding a +0 short sword.
The kobold shouts!
You hear a shout!
There are monsters nearby!
The splash of poison hits the kobold.
The kobold is poisoned.
You kill the kobold!
There is an open door here.
Duvessa hits you with a +0 short sword. Duvessa barely misses you.
You barely miss Duvessa.
You have got your breath back.
You block Duvessa's attack.
Duvessa hits you with a +0 short sword. x2
You closely miss Duvessa.
Duvessa hits you with a +0 short sword! x2
Duvessa hits you with a +0 short sword.
You are too injured to fight recklessly!
You are too injured to fight recklessly!
You are too injured to fight recklessly!
You are too injured to fight recklessly!
You are too injured to fight recklessly!
You are too injured to fight recklessly!
You are too injured to fight recklessly!
You are too injured to fight recklessly!
You are too injured to fight recklessly!
You are too injured to fight recklessly!
You are too injured to fight recklessly!
You are too injured to fight recklessly!
You are too injured to fight recklessly!
You are too injured to fight recklessly!
You are too injured to fight recklessly!
You are too injured to fight recklessly!
Unknown command.
You feel very mighty all of a sudden. Duvessa hits you with a +0 short sword.
Duvessa hits you with a +0 short sword!
* * * LOW HITPOINT WARNING * * *
You closely miss Duvessa. Duvessa hits you but does no damage.
Duvessa hits you with a +0 short sword!
* * * LOW HITPOINT WARNING * * *
Duvessa hits you with a +0 short sword!
You die...
Xom giggles madly!

### ####.# #....#
#.##.######## #............
#..#...###### #########
#..###'## #
........########8.8## ##
.....)e@'......##...###.
........#.......##......
........#.......###..<.)
........#.......# ##8.8#
........#.......# #####
#############.......#
#...........#.......########
#...................'.......
#....)......#.......########


You could see Duvessa (berserk).

Vanquished Creatures
  Sigmund (D:2)
  Edmund (D:4)
  Dowan (D:4)
  A hound (D:3)
  An orc priest (D:2)
  Terence (D:3)
  Jessica (D:2)
  3 gnolls
  5 adders
  3 dart slugs
  3 ribbon worms
  4 orcs (D:2)
  9 ball pythons
  2 bats (D:2)
  A bat zombie (D:2)
  3 endoplasms
  A giant cockroach (D:2)
  11 goblins
  5 hobgoblins
  6 jackals (D:3)
  5 quokkas
  5 frilled lizards
  10 kobolds
  2 rats
85 creatures vanquished.

Vanquished Creatures (others)
  A bat zombie (D:2)
1 creature vanquished.

Grand Total: 86 creatures vanquished

Notes
Turn   | Place    | Note
-------+----------+-------------------------------------------
     0 | D:1      | spaghetti the Naga Chaos Knight began the quest for the
                  | Orb.
     0 | D:1      | Reached XP level 1. HP: 21/21 MP: 1/1
    20 | D:1      | XOM: divination: detect items
    77 | D:1      | Reached XP level 2. HP: 28/28 MP: 2/2
   218 | D:1      | Reached skill level 4 in Fighting
   233 | D:1      | XOM: divination: magic mapping
   310 | D:1      | Reached XP level 3. HP: 22/36 MP: 3/3
   465 | D:1      | Found a faded altar of an unknown god.
   812 | D:1      | XOM: silly message
   893 | D:2      | XOM: cloud trail
   901 | D:2      | Found Elytan's Weapon Shoppe.
   989 | D:2      | XOM: silly message
   991 | D:2      | Noticed Sigmund
   994 | D:2      | XOM: cast spell 'Summon Small Mammal'
   999 | D:2      | XOM: noise
  1000 | D:2      | Killed Sigmund
  1001 | D:2      | Reached skill level 6 in Fighting
  1001 | D:2      | Reached XP level 4. HP: 48/48 MP: 4/4
  1001 | D:2      | Reached XP level 5. HP: 55/55 MP: 5/5
  1213 | D:2      | Found a shimmering blue altar of Sif Muna.
  1370 | D:2      | XOM: noise
  1393 | D:2      | XOM: torment (29/56 hp)
  1606 | D:2      | Reached XP level 6. HP: 63/63 MP: 6/6
  1812 | D:2      | Noticed Jessica
  1818 | D:2      | Killed Jessica
  1932 | D:3      | Reached skill level 7 in Fighting
  2093 | D:3      | Found an iron altar of Okawaru.
  2100 | D:3      | Identified the +0 chain mail of Fieqosch {Int+6 Stlth+}
  2198 | D:3      | Found a stormy altar of Qazlal.
  2224 | D:3      | Learned a level 4 spell: Brom's Barrelling Boulder
  2427 | D:3      | XOM: torment (34/66 hp)
  2569 | D:3      | Noticed Terence
  2582 | D:3      | Killed Terence
  2744 | D:3      | Reached skill level 1 in Conjurations
  2744 | D:3      | Reached skill level 1 in Earth Magic
  3101 | D:4      | Noticed Edmund
  3116 | D:4      | Killed Edmund
  3117 | D:4      | Reached XP level 7. HP: 8/72 MP: 7/7
  3476 | D:4      | Identified the +11 flail "Dragonbane" {heavy, rC+ Str+3}
  3527 | D:4      | Noticed Dowan
  3528 | D:4      | Noticed Duvessa
  3532 | D:4      | Killed Dowan
  3533 | D:4      | Reached skill level 1 in Maces & Flails
  3536 | D:4      | XOM: blink monster(s)
  3744 | D:4      | Found Gesifel's General Store.
  4134 | D:4      | XOM: draining
  4207 | D:4      | Slain by Duvessa

Illustrated notes

Levels and vault maps discovered:
D:1:      lightli_arrival_farm, layout_loops_ring,
          ebering_ecumenical_altar_mist, minmay_tetromino_l2
D:2:      layout_loops_corners, basic_altar, serial_shops, shop_statue,
          grunt_ministairs_14, minmay_misc_feat_ornament, uniq_jessica,
          uniq_sigmund
D:3:      layout_loops_ring, mainiacjoe_overflow_alcove_1, lemuel_tele_altar,
          uniq_terence
D:4:      layout_basic, serial_shops, nicolae_stop_n_shop_2,
          mainiacjoe_sewer_entry_somewhere_in_here_2, grunt_ministairs_8,
          uniq_duvessa, uniq_natasha, uniq_edmund

Skill      XL: |  1  2  3  4  5  6  7 |
---------------+----------------------+-----
Fighting       | 4 6 7 |  7.4
Conjurations   | 1 |  1.9
Earth Magic    | 1 |  1.9
Maces & Flails | 1 |  1.4
Polearms       | |  3.0
Armour         | |  1.5
Dodging        | |  0.7

Action                     |  1- 3 |  4- 6 |  7- 9 || total
---------------------------+-------+-------+-------++-------
  Melee: Spear             |    66 |   139 |     4 ||   209
         Flail             |       |       |    10 ||    10
Ability: Spit Poison       |    15 |    21 |     6 ||    42
    Use: Potion            |     1 |     1 |     1 ||     3
         Scroll            |       |     1 |     1 ||     2
 Armour: Leather armour    |    36 |    28 |       ||    64
         Chain mail        |       |    50 |    23 ||    73
         Skin              |       |     9 |       ||     9
  Dodge: Dodged            |    19 |    33 |     6 ||    58
  Block: Other             |     6 |    21 |     2 ||    29
         Reflection        |     1 |     1 |       ||     2
